TOP OF THE 1ST |
Sioux Falls Red Pandas batting - Pitching for Scranton Supernovas : RHP Victor Brey
|
Pitching: RHP Victor Brey
|
|
Batting: LHB Chris Etheridge
|
0-0: Ball 1-0: Foul Ball, location: 2F 1-1: SOLO HOME RUN (Flyball, 9LD), Distance : 349 ft
|
Batting: RHB Jesús Vásquez
|
0-0: Called Strike 0-1: Swinging Strike 0-2: Foul Ball, location: 2F 0-2: Ball 1-2: Strikes out swinging
|
Batting: LHB Armando Becerra
|
0-0: Foul Ball, location: 2F 0-1: Foul Ball, location: 2F 0-2: Strikes out swinging
|
Batting: RHB Mario Piña
|
0-0: Ball 1-0: Ball 2-0: Swinging Strike 2-1: Ground out 6-3 (Groundball, 6M)
|
Top of the 1st over - 1 run(s), 1 hit(s), 0 error(s), 0 left on base; Sioux Falls 1 - Scranton 0 |
BOTTOM OF THE 1ST |
Scranton Supernovas batting - Pitching for Sioux Falls Red Pandas : RHP Raúl Gálvez
|
Pitching: RHP Raúl Gálvez
|
|
Batting: RHB Arturo Maldonado
|
0-0: Called Strike 0-1: Ball 1-1: Ball 2-1: Foul Ball, location: 2F 2-2: Foul Ball, location: 2F 2-2: Ball 3-2: Foul Ball, location: 2F 3-2: Base on Balls
|
Batting: SHB Alonso Solís
|
0-0: Called Strike 0-1: Ball 1-1: Called Strike 1-2: Foul Ball, location: 2F 1-2: Ball 2-2: Ball 3-2: Foul Ball, location: 2F 3-2: Base on Balls Arturo Maldonado to second
|
Batting: LHB Tony Vega
|
0-0: Foul Ball, location: 2F 0-1: Ball 1-1: Foul Ball, location: 2F 1-2: Foul Ball, location: 2F 1-2: Foul Ball, location: 2F 1-2: Foul Ball, location: 2F 1-2: Ball 2-2: Foul Ball, location: 2F 2-2: Ball 3-2: Foul Ball, location: 2F 3-2: DOUBLE (Line Drive, 7) Arturo Maldonado scores Alonso Solís to third
|
Batting: RHB Brad Jacobson
|
0-0: Ball 1-0: SINGLE (Groundball, 4MD) Alonso Solís scores Tony Vega to third Runner from 3rd tries for Home, SAFE, no throw
|
Batting: RHB Arturo Rochel
|
0-0: Foul Ball, location: 2F 0-1: Ball 1-1: Foul Ball, location: 2F 1-2: Strikes out swinging
|
Batting: RHB Pedro Rivera
|
0-0: Foul Ball, location: 2F 0-1: Ball 1-1: Swinging Strike 1-2: Fly out, F2 (Popup, 13S)
|
Batting: RHB Xavier Águila
|
0-0: Ball 1-0: Called Strike 1-1: Foul Ball, location: 2F 1-2: Foul Ball, location: 2F 1-2: Ball 2-2: Ball 3-2: Foul Ball, location: 2F 3-2: Fly out, F5 (Popup, 5L)
|
Bottom of the 1st over - 3 run(s), 2 hit(s), 0 error(s), 1 left on base; Sioux Falls 1 - Scranton 3 |
TOP OF THE 2ND |
Sioux Falls Red Pandas batting - Pitching for Scranton Supernovas : RHP Victor Brey
|
Batting: LHB Magali Lenidas
|
0-0: Foul Ball, location: 2F 0-1: Ball 1-1: Fly out, F4 (Line Drive, 4)
|
Batting: RHB Jonathan Widdop
|
0-0: Called Strike 0-1: Called Strike 0-2: Ball 1-2: Fly out, F5 (Line Drive, 56)
|
Batting: LHB Frank Wentworth
|
0-0: Called Strike 0-1: DOUBLE (Groundball, 5L)
|
Batting: SHB Dave Orchard
|
0-0: Ball 1-0: Called Strike 1-1: Ball 2-1: Swinging Strike 2-2: Foul Ball, location: 2F 2-2: Fly out, F8 (Flyball, 8RD)
|
Top of the 2nd over - 0 run(s), 1 hit(s), 0 error(s), 1 left on base; Sioux Falls 1 - Scranton 3 |
BOTTOM OF THE 2ND |
Scranton Supernovas batting - Pitching for Sioux Falls Red Pandas : RHP Raúl Gálvez
|
Batting: RHB Keith MacKey
|
0-0: Fly out, F8 (Flyball, 8RS)
|
Batting: SHB Neil Nash
|
0-0: Ball 1-0: Ball 2-0: Ball 3-0: Base on Balls
|
Batting: RHB Arturo Maldonado
|
0-0: Ball 1-0: DOUBLE (Line Drive, 9LM) Neil Nash to third Runner from 3rd tries for Home, throw and OUT!
|
Batting: SHB Alonso Solís
|
0-0: Ball 1-0: Fly out, F2 (Popup, 25)
|
Bottom of the 2nd over - 0 run(s), 1 hit(s), 0 error(s), 1 left on base; Sioux Falls 1 - Scranton 3 |
TOP OF THE 3RD |
Sioux Falls Red Pandas batting - Pitching for Scranton Supernovas : RHP Victor Brey
|
Batting: LHB Steve Grimes
|
0-0: Foul Ball, location: 2F 0-1: Ball 1-1: Ground out 3-1 (Groundball, 34)
|
Batting: LHB Chris Etheridge
|
0-0: Swinging Strike 0-1: Foul Ball, location: 2F 0-2: SINGLE (Groundball, 34D)
|
Batting: RHB Jesús Vásquez
|
0-0: Called Strike Chris Etheridge steals 2nd base 0-1: Swinging Strike 0-2: Foul Ball, location: 2F 0-2: Foul Ball, location: 2F 0-2: Fly out, F2 (Popup, 34S)
|
Batting: LHB Armando Becerra
|
0-0: Ball 1-0: Foul Ball, location: 2F 1-1: Ball 2-1: Fly out, F9 (Flyball, 9)
|
Top of the 3rd over - 0 run(s), 1 hit(s), 0 error(s), 1 left on base; Sioux Falls 1 - Scranton 3 |
BOTTOM OF THE 3RD |
Scranton Supernovas batting - Pitching for Sioux Falls Red Pandas : RHP Raúl Gálvez
|
Batting: LHB Tony Vega
|
0-0: Ball 1-0: Ball 2-0: Called Strike 2-1: Ball 3-1: Foul Ball, location: 2F 3-2: Fly out, F9 (Flyball, 89M)
|
Batting: RHB Brad Jacobson
|
0-0: Ball 1-0: Fly out, F9 (Flyball, 9S)
|
Batting: RHB Arturo Rochel
|
0-0: Ground out 5-3 (Groundball, 56)
|
Bottom of the 3rd over - 0 run(s), 0 hit(s), 0 error(s), 0 left on base; Sioux Falls 1 - Scranton 3 |
TOP OF THE 4TH |
Sioux Falls Red Pandas batting - Pitching for Scranton Supernovas : RHP Victor Brey
|
Batting: RHB Mario Piña
|
0-0: Ball 1-0: Ball 2-0: Called Strike 2-1: Ground out 5-3 (Groundball, 5)
|
Batting: LHB Magali Lenidas
|
0-0: Called Strike 0-1: Ground out U3 (Groundball, 34)
|
Batting: RHB Jonathan Widdop
|
0-0: Ball 1-0: Ball 2-0: Ball 3-0: Called Strike 3-1: Ground out 1-3 (Groundball, 15S)
|
Top of the 4th over - 0 run(s), 0 hit(s), 0 error(s), 0 left on base; Sioux Falls 1 - Scranton 3 |
BOTTOM OF THE 4TH |
Scranton Supernovas batting - Pitching for Sioux Falls Red Pandas : RHP Raúl Gálvez
|
Batting: RHB Pedro Rivera
|
0-0: Ball 1-0: Foul Ball, location: 2F 1-1: Called Strike 1-2: Ball 2-2: Foul Ball, location: 2F 2-2: Ball 3-2: Fly out, F7 (Flyball, 7S)
|
Pitching: RHP José Juárez
|
|
Batting: RHB Xavier Águila
|
0-0: Ball 1-0: Foul Ball, location: 2F 1-1: Called Strike 1-2: Foul Ball, location: 2F 1-2: Foul Ball, location: 2F 1-2: Ball 2-2: Ball 3-2: Foul Ball, location: 2F 3-2: Foul Ball, location: 2F 3-2: Base on Balls
|
Batting: RHB Keith MacKey
|
0-0: Ball 1-0: Ground out 5-3 (Groundball, 56S) Xavier Águila to second
|
Batting: SHB Neil Nash
|
0-0: Called Strike 0-1: Ball 1-1: Foul Ball, location: 2F 1-2: Ball 2-2: Foul Ball, location: 2F 2-2: Strikes out looking
|
Bottom of the 4th over - 0 run(s), 0 hit(s), 0 error(s), 1 left on base; Sioux Falls 1 - Scranton 3 |
TOP OF THE 5TH |
Sioux Falls Red Pandas batting - Pitching for Scranton Supernovas : RHP Victor Brey
|
Batting: LHB Frank Wentworth
|
0-0: Foul Ball, location: 2F 0-1: Fly out, F7 (Flyball, 7LS)
|
Batting: SHB Dave Orchard
|
0-0: Ball 1-0: Foul Ball, location: 2F 1-1: Ball 2-1: Swinging Strike 2-2: Reached via error on a dropped throw, E1
|
Batting: LHB Steve Grimes
|
0-0: Ball 1-0: Ball 2-0: Foul Ball, location: 2F 2-1: Ball 3-1: SINGLE (Groundball, 4MD) Dave Orchard to second Runner from 2nd tries for 3rd, SAFE, throw made to third
|
Batting: LHB Chris Etheridge
|
0-0: Fly out, F7 (Flyball, 7LS)
|
Batting: RHB Jesús Vásquez
|
0-0: Ball 1-0: Fly out, F2 (Popup, 2L)
|
Top of the 5th over - 0 run(s), 1 hit(s), 1 error(s), 2 left on base; Sioux Falls 1 - Scranton 3 |
BOTTOM OF THE 5TH |
Scranton Supernovas batting - Pitching for Sioux Falls Red Pandas : RHP José Juárez
|
Batting: RHB Arturo Maldonado
|
0-0: Called Strike 0-1: DOUBLE (Line Drive, 89M)
|
Batting: SHB Alonso Solís
|
0-0: Ball 1-0: Foul Ball, location: 2F 1-1: Ball 2-1: Ball 3-1: Base on Balls
|
Batting: LHB Tony Vega
|
0-0: Ball 1-0: Called Strike 1-1: Ball 2-1: Ball 3-1: Called Strike 3-2: Base on Balls Arturo Maldonado to third Alonso Solís to second
|
Pitching: LHP Tomás Galván
|
|
Batting: RHB Brad Jacobson
|
0-0: Ball 1-0: Called Strike 1-1: Ball 2-1: Foul Ball, location: 2F 2-2: Strikes out swinging
|
Batting: RHB Arturo Rochel
|
0-0: Ball 1-0: Called Strike 1-1: Ball 2-1: Swinging Strike 2-2: Ball 3-2: Foul Ball, location: 2F 3-2: Strikes out swinging
|
Batting: RHB Pedro Rivera
|
0-0: Called Strike 0-1: Ball 1-1: Ball 2-1: Ball 3-1: Base on Balls Arturo Maldonado scores Alonso Solís to third Tony Vega to second
|
Batting: RHB Xavier Águila
|
0-0: Foul Ball, location: 2F 0-1: Reached on error, E6 (Groundball, 6) Alonso Solís scores Tony Vega to third Pedro Rivera to second
|
Batting: RHB Keith MacKey
|
0-0: Called Strike 0-1: Ball 1-1: Ground out 4-3 (Groundball, 4MD)
|
Bottom of the 5th over - 2 run(s), 1 hit(s), 1 error(s), 3 left on base; Sioux Falls 1 - Scranton 5 |
TOP OF THE 6TH |
Sioux Falls Red Pandas batting - Pitching for Scranton Supernovas : RHP Victor Brey
|
Batting: LHB Armando Becerra
|
0-0: Called Strike 0-1: Swinging Strike 0-2: Ball 1-2: Strikes out swinging
|
Batting: RHB Mario Piña
|
0-0: Ball 1-0: Called Strike 1-1: Ball 2-1: Ball 3-1: Base on Balls
|
Batting: LHB Magali Lenidas
|
0-0: Called Strike 0-1: Ball 1-1: Ball 2-1: Ball 3-1: Called Strike 3-2: 2-RUN HOME RUN (Flyball, 9D), Distance : 406 ft
|
Batting: RHB Jonathan Widdop
|
0-0: Ball 1-0: Called Strike 1-1: Foul Ball, location: 2F 1-2: Ball 2-2: Ball 3-2: Base on Balls
|
Batting: LHB Frank Wentworth
|
0-0: Called Strike 0-1: Fly out, F8 (Flyball, 8LM)
|
Batting: SHB Dave Orchard
|
0-0: Ball 1-0: Ground out U3 (Groundball, 3)
|
Top of the 6th over - 2 run(s), 1 hit(s), 0 error(s), 1 left on base; Sioux Falls 3 - Scranton 5 |
BOTTOM OF THE 6TH |
Scranton Supernovas batting - Pitching for Sioux Falls Red Pandas : LHP Tomás Galván
|
Batting: SHB Neil Nash
|
0-0: Swinging Strike 0-1: Ball 1-1: Ball 2-1: Ball 3-1: Swinging Strike 3-2: Fly out, F8 (Flyball, 8RS)
|
Batting: RHB Arturo Maldonado
|
0-0: Ball 1-0: SINGLE (Groundball, 56D)
|
Batting: SHB Alonso Solís
|
0-0: Ball 1-0: Swinging Strike 1-1: Fly out, F9 (Flyball, 89D)
|
Batting: LHB Tony Vega
|
0-0: Ball Arturo Maldonado steals 2nd base 1-0: Called Strike 1-1: Ball 2-1: Foul Ball, location: 2F 2-2: Ground out U3 (Groundball, 3)
|
Bottom of the 6th over - 0 run(s), 1 hit(s), 0 error(s), 1 left on base; Sioux Falls 3 - Scranton 5 |
TOP OF THE 7TH |
Sioux Falls Red Pandas batting - Pitching for Scranton Supernovas : RHP Victor Brey
|
Batting: LHB Steve Grimes
|
0-0: Ball 1-0: Called Strike 1-1: Foul Ball, location: 2F 1-2: Ball 2-2: Ball 3-2: Base on Balls
|
Batting: LHB Chris Etheridge
|
0-0: Foul Ball, location: 2F 0-1: Fly out, F8 (Line Drive, 8RD)
|
Batting: RHB Jesús Vásquez
|
0-0: Ball 1-0: Called Strike 1-1: Fielders Choice at 2nd, 1-4 (Groundball, 15S)
|
Batting: LHB Armando Becerra
|
0-0: Ball 1-0: Ball 2-0: SINGLE (Groundball, 34D) Jesús Vásquez to second Runner from 2nd tries for 3rd, OUT!
|
Top of the 7th over - 0 run(s), 1 hit(s), 0 error(s), 1 left on base; Sioux Falls 3 - Scranton 5 |
BOTTOM OF THE 7TH |
Scranton Supernovas batting - Pitching for Sioux Falls Red Pandas : LHP Tomás Galván
|
Batting: RHB Brad Jacobson
|
0-0: Ball 1-0: Ball 2-0: Ball 3-0: Called Strike 3-1: Fly out, F4 (Line Drive, 4D)
|
Pitching: RHP Taro Ohayashi
|
|
Batting: RHB Arturo Rochel
|
0-0: Fly out, F4 (Popup, 4D)
|
Batting: RHB Pedro Rivera
|
0-0: Foul Ball, location: 2F 0-1: Called Strike 0-2: Ball 1-2: SINGLE (Groundball, 6MD)
|
Batting: RHB Xavier Águila
|
0-0: Called Strike 0-1: Swinging Strike 0-2: Ball 1-2: Foul Ball, location: 2F 1-2: Fielders Choice at 2nd, 6-4 (Groundball, 6)
|
Bottom of the 7th over - 0 run(s), 1 hit(s), 0 error(s), 0 left on base; Sioux Falls 3 - Scranton 5 |
TOP OF THE 8TH |
Sioux Falls Red Pandas batting - Pitching for Scranton Supernovas : RHP Victor Brey
|
Pitching: LHP Pedro Garza
|
|
Batting: RHB Mario Piña
|
0-0: Called Strike 0-1: Swinging Strike 0-2: Ball 1-2: Strikes out swinging
|
Batting: LHB Magali Lenidas
|
0-0: Fly out, F7 (Flyball, 7S)
|
Batting: RHB Jonathan Widdop
|
0-0: Fly out, F7 (Flyball, 78D)
|
Top of the 8th over - 0 run(s), 0 hit(s), 0 error(s), 0 left on base; Sioux Falls 3 - Scranton 5 |
BOTTOM OF THE 8TH |
Scranton Supernovas batting - Pitching for Sioux Falls Red Pandas : RHP Taro Ohayashi
|
Batting: RHB Keith MacKey
|
0-0: Ball 1-0: Fly out, F8 (Flyball, 89M)
|
Batting: SHB Neil Nash
|
0-0: Foul Ball, location: 2F 0-1: Ball 1-1: Ball 2-1: Swinging Strike 2-2: Strikes out swinging
|
Batting: RHB Arturo Maldonado
|
0-0: Ball 1-0: Ground out 4-3 (Groundball, 4S)
|
Bottom of the 8th over - 0 run(s), 0 hit(s), 0 error(s), 0 left on base; Sioux Falls 3 - Scranton 5 |
TOP OF THE 9TH |
Sioux Falls Red Pandas batting - Pitching for Scranton Supernovas : LHP Pedro Garza
|
Pitching: LHP Raúl Melro
|
|
Batting: LHB Frank Wentworth
|
0-0: Fly out, F5 (Popup, 5L)
|
Batting: SHB Dave Orchard
|
0-0: Ball 1-0: Ball 2-0: Ball 3-0: Called Strike 3-1: Called Strike 3-2: Foul Ball, location: 2F 3-2: Ground out U3 (Groundball, 34)
|
Batting: LHB Steve Grimes
|
0-0: Fly out, F9 (Flyball, 9)
|
Top of the 9th over - 0 run(s), 0 hit(s), 0 error(s), 0 left on base; Sioux Falls 3 - Scranton 5 |
|